 Dungeon Crawl Stone Soup version 0.30-a0-364-gf6b3ef1049 (webtiles) character file.

Game seed: 17912931970680735840

26 kingsuperguy the Cudgeller (level 2, -4/29 HPs)
             Began as a Troll Monk on Nov 15, 2022.
             Killed from afar by Natasha (8 damage)
             ... with a magic dart
             ... on level 2 of the Dungeon.
             The game lasted 00:01:07 (879 turns).

kingsuperguy the Cudgeller (Troll Monk)              Turns: 879, Time: 00:01:08

Health: -4/29      AC:  4    Str: 18    XL:     2   Next: 89%
Magic:  1/1        EV: 10    Int:  6    God:
Gold:   67         SH:  0    Dex: 12    Spells: 1/1 levels left

rFire   . . .      SeeInvis .    a - +0 mace
rCold   . . .      Faith    .    (no shield)
rNeg    . . .      Spirit   .    b - +0 robe
rPois   .          Reflect  .    (helmet restricted)
rElec   .          Harm     .    (no cloak)
rCorr   .          Rampage  .    (gloves unavailable)
Will    .....                    (boots unavailable)
Stlth   ++........               (no amulet)
HPRegen 1.04/turn                (no ring)
MPRegen 0.07/turn                (no ring)

@: lethally poisoned (-4 -> -5), slowed, very slow
A: large, unfitting armour, claws 3, regeneration 1, shaggy fur 1, tough skin 1
a: no special abilities


You were on level 2 of the Dungeon.
You visited 1 branch of the dungeon, and saw 2 of its levels.

You collected 67 gold pieces.

Inventory:

Hand Weapons
 a - a +0 mace (weapon)
Missiles
 i - 2 javelins (quivered)
Armour
 b - a +0 robe (worn)
Scrolls
 h - a scroll of identify {unknown}
Potions
 c - a potion of ambrosia
 d - 2 potions of heal wounds {unknown}
 e - a potion of attraction {unknown}
 g - a potion of curing {unknown}
 j - 2 potions of mutation {unknown}


   Skills:
 + Level 2.6 Fighting
 + Level 3.3 Maces & Flails
 + Level 2.5 Dodging
 + Level 1.1 Stealth


You had one spell level left.
You didn't know any spells.
Your spell library contained the following spells:

 Spells                   Type           Power      Damage    Failure   Level
 Tukima's Dance           Hex            0%         N/A       83%         3
 Passage of Golubria      Tloc           0%         N/A       99%         4
 Yara's Violent Unravell  Hex/Tmut       0%         3d3       100%        5


Dungeon Overview and Level Annotations

Branches:
Dungeon (2/15)

Altars:

Annotations:
D:2 Natasha


Innate Abilities, Weirdness & Mutations

You are too large for most types of armour.
You have claws for hands.
Your natural rate of healing is unusually fast.
You are covered in fur. (AC +1)
You have tough skin. (AC +1)


Message History

The hobgoblin hits you but does no damage.
The giant cockroach bites you but does no damage.
A worm comes into view.
Natasha hisses.
Natasha claws you! The hobgoblin barely misses you.
You miss Natasha. The giant cockroach bites you. Natasha barely misses you.
The hobgoblin hits you. The giant cockroach bites you.
Natasha barely misses you. The hobgoblin barely misses you.
The giant cockroach bites you.
You barely miss Natasha. The giant cockroach barely misses you.
Natasha casts a spell at you. The magic dart hits you.
The hobgoblin barely misses you.
The giant cockroach bites you but does no damage.
Natasha casts a spell at you. You resist with significant effort.
The hobgoblin hits you but does no damage.
The hobgoblin attacks as you move away! The hobgoblin closely misses you.
The giant cockroach bites you. Natasha attacks as you move away!
Natasha closely misses you. Natasha claws you but does no damage.
The giant cockroach bites you but does no damage.
Natasha attacks as you move away! Natasha claws you.
The adder closely misses you. Natasha claws you!
* * * LOW HITPOINT WARNING * * *
The adder bites you but does no damage. Natasha misses you.
Natasha attacks as you move away! Natasha claws you.
* * * LOW HITPOINT WARNING * * *
The adder bites you.
* * * LOW HITPOINT WARNING * * *
You are poisoned.
The adder poisons you!
Okay, then.
Okay, then.
As you read the scroll labelled HUELEPNIYSE, it crumbles to dust.
It is a scroll of amnesia.
You feel forgetful for a moment.
You feel sick. The adder bites you but does no damage.
Natasha casts a spell at you. The magic dart hits you!
You die...

#...##......$ ###..#
#..#..## ####...#
#.....## >....#.#
#..w..## .....#.#
##.....# .....#.#
##g.#..... .......#
#B.# ##.. .......##
#Sh# . .....#..##
#@.#
.....##..#######..###
.....###............#
.....# ###..........#
.....# ##.........#
###### #.........#
###########


You could see a worm, Natasha, an adder, a giant cockroach and a hobgoblin.

Vanquished Creatures
  2 dart slugs
  3 ball pythons
  4 endoplasms (D:1)
  A giant cockroach (D:1)
  3 bats (D:1)
  A frilled lizard (D:1)
  2 goblins (D:1)
  3 kobolds (D:1)
  4 rats
23 creatures vanquished.

Notes
Turn   | Place    | Note
-------+----------+-------------------------------------------
     0 | D:1      | kingsuperguy the Troll Monk began the quest for the Orb.
     0 | D:1      | Reached XP level 1. HP: 22/22 MP: 0/0
   317 | D:1      | Reached skill level 3 in Maces & Flails
   327 | D:1      | Reached XP level 2. HP: 29/29 MP: 1/1
   865 | D:2      | Noticed Natasha
   879 | D:2      | Killed from afar by Natasha

Illustrated notes

Levels and vault maps discovered:
D:1:      minmay_arrival_hallway, layout_basic, dk_noncrumbling_2
D:2:      layout_rooms, uniq_natasha

Skill      XL: |  1 |
---------------+----+-----
Maces & Flails | 3 |  3.3
Fighting       | |  2.6
Dodging        | |  2.5
Stealth        | |  1.1

Action                   || total
-------------------------++-------
Melee: Mace              ||    70
  Use: Scroll            ||     1
 Stab: Sleeping          ||     5
Armor: Robe              ||    33
Dodge: Dodged            ||    61

Table legend: (Time is in decaauts)
 A = Elapsed time spent in this place.
 B = Non-inter-level travel time spent in this place.
 C = Inter-level travel time spent in this place.
 D = Time resting spent in this place.
 E = Time spent auto-exploring this place.
 F = Levels seen in this place.
 G = Mean time per level.
                   A        B        C        D        E       F      G
               +--------+--------+--------+--------+--------+-----+--------+
         Total |    901 |    873 |     28 |      0 |    673 |   2 |  450.5 |
       Dungeon |    901 |    873 |     28 |      0 |    673 |   2 |  450.5 |
               +--------+--------+--------+--------+--------+-----+--------+

Top non-repeatable levels by time:
     D:1: 831 daAuts
     D:2: 69 daAuts
